 Dungeon Crawl Stone Soup version 0.25-a0-404-gc1b5a34292 (webtiles) character file.

Game seed: 15317821738522784954, levelgen mode: deterministic

45826 DrunkenMaster the Grappler (level 14, -18/205 HPs)
             Began as a Troll Berserker on Jan 10, 2020.
             Was a High Priest of Trog.
             Demolished by an orc warrior
             ... wielding a +0 battleaxe
              (28 damage)
             ... on level 2 of the Orcish Mines.
             The game lasted 01:06:52 (14783 turns).

DrunkenMaster the Grappler (Troll Berserker)       Turns: 14783, Time: 01:06:52

Health: -18/205    AC: 24    Str: 38    XL:     14   Next: 2%
Magic:  17/17      EV:  7    Int:  5    God:    Trog [*****.]
Gold:   977        SH:  0    Dex:  9    Spells: 13/13 levels left

rFire    + . .     SeeInvis .     - Unarmed
rCold    + . .     Gourm    +   (no shield)
rNeg     + + .     Faith    .   v - +5 gold dragon scales of Dawn {-Tele rPois rF+ rC+ rN+ Str+3 Stlth+}
rPois    +         Spirit   .   (helmet restricted)
rElec    .         Reflect  .   R - scarf {repulsion}
rCorr    .         Harm     .   (gloves unavailable)
MR       ++...     NoTele   +   (boots unavailable)
Stlth    ..........             y - amulet of the acrobat
HPRegen  0.84/turn              m - ring of protection from magic
MPRegen  0.15/turn              z - ring of positive energy

@: berserking, repel missiles, very quick
A: large, unfitting armour, claws 3, fast metabolism 3, gourmand, regeneration
1, shaggy fur 1, tough skin 3
a: Berserk, Trog's Hand, Brothers in Arms, Renounce Religion


You were on level 2 of the Orcish Mines.
You worshipped Trog.
Trog was extremely pleased with you.
You were very hungry.

You visited 3 branches of the dungeon, and saw 17 of its levels.

You collected 977 gold pieces.

Inventory:

Hand Weapons
 a - the +8 whip "Snakebite" {curare, rPois}
   (You found it on level 5 of the Dungeon)

   It poisons the flesh of those it strikes.
   It protects you from poison.
 c - the +10 giant club of Rigairam {flame, rC+}
   (Trog gifted it to you on level 6 of the Lair of Beasts)

   It has been specially enchanted to burn those struck by it, causing extra
   injury to most foes and up to half again as much damage against particularly
   susceptible opponents.
   It protects you from cold.
 l - the +8 demon whip "Newtslayer" {venom, rElec Str-5 Int+2 Dex+7}
   (You found it on level 1 of the Lair of Beasts)

   It poisons the flesh of those it strikes.
   It affects your strength (-5).
   It affects your intelligence (+2).
   It affects your dexterity (+7).
   It insulates you from electricity.
Missiles
 f - 12 javelins
 h - 14 boomerangs (quivered)
 o - 3 atropa-tipped darts
 D - 38 poisoned darts
 M - 2 throwing nets
Armour
 v - the +5 gold dragon scales of Dawn (worn) {-Tele rPois rF+ rC+ rN+ Str+3 Stlth+}
   (You found it on level 3 of the Lair of Beasts)

   It affects your strength (+3).
   It protects you from fire.
   It protects you from cold.
   It protects you from poison.
   It protects you from negative energy.
   It prevents most forms of teleportation.
   It makes you more stealthy.
 E - the +1 robe of Zin's Vengeance {rPois rC+ MR+}
   (You found it on level 7 of the Dungeon)

   It protects you from cold.
   It protects you from poison.
   It affects your resistance to hostile enchantments.
 R - a scarf of repulsion (worn)
Jewellery
 m - a ring of protection from magic (left claw)
 t - an uncursed ring of stealth
 u - the amulet of the Devil's Advocate {Gourm rF+}
   (You found it on level 3 of the Lair of Beasts)

   [amulet of the gourmand]

   It allows you to eat raw meat even when not hungry.
   It protects you from fire.
 y - an amulet of the acrobat (around neck)
 z - a ring of positive energy (right claw)
 H - an uncursed ring of positive energy
Wands
 n - a wand of paralysis (28)
 r - a wand of digging (10)
 A - a wand of disintegration (26)
 G - a wand of acid (16)
 J - a wand of iceblast (10)
 O - a wand of enslavement (5)
Scrolls
 d - 2 scrolls of fear
 i - 4 scrolls of remove curse
 j - 2 scrolls of blinking
 p - a scroll of enchant weapon
 q - 5 scrolls of teleportation
Potions
 e - 2 potions of heal wounds
 g - 5 potions of curing
 k - 4 potions of resistance
 x - a potion of might
 F - 4 potions of flight
Miscellaneous
 I - a fan of gales
 Q - a fan of gales
 V - a lightning rod (4/4)
Comestibles
 b - 33 rations


   Skills:
 + Level 8.4 Fighting
 + Level 7.8 Maces & Flails
 + Level 8.6 Throwing
 + Level 5.9 Armour
 + Level 7.0 Dodging
 * Level 14.1 Unarmed Combat
 + Level 5.4 Evocations


You had 13 spell levels left.
You didn't know any spells.
Your spell library was empty.

Dungeon Overview and Level Annotations

Branches:
Dungeon (9/15)             Temple (0/1) D:5            Lair (6/6) D:9
 Shoals (0/4) Lair:2       Spider (0/4) Lair:3        Slime (0/5) Lair:5
    Orc (2/2) D:9
    Elf: Orc:2

Altars:
Ashenzari
Cheibriados
Makhleb
Qazlal
Ru
Sif Muna
Yredelemnul
Jiyva

Shops:
D:7 *

Annotations:
Lair:6 exclusion: 4 oklob plants


Innate Abilities, Weirdness & Mutations

You are too large for most types of armour.
You have claws for hands.
Your metabolism is lightning-fast.
You like to eat raw meat.
Your natural rate of healing is unusually fast.
You are covered in fur. (AC +1)
You have extremely tough skin. (AC +3)


Message History

* * * LOW HITPOINT WARNING * * *
The warg closely misses you.
You eviscerate the orc warlord!!!
The orc warlord is heavily wounded.
You hear a shout! x2
The orc warrior hits you with a +0 scimitar!!
* * * LOW HITPOINT WARNING * * *
The orc warrior hits you but does no damage.
The orc hits you but does no damage. The troll bites you but does no damage.
The troll claws you but does no damage. The troll barely misses you.
The orc priest calls down the wrath of Beogh upon you.
Beogh smites you!
* * * LOW HITPOINT WARNING * * *
The orc hits you but does no damage.
Your skin stops crawling.
You feel less resistant to hostile enchantments.
The orc hits you but does no damage. The orc warlord closely misses you.
The warg bites you but does no damage.
The orc warrior hits you with a +0 battleaxe!!
You die...

##### #######
.##..$.#..#...#
...............
.....$ooo.....#
......oToo...#.
.....oo@oo.....
......ooho.....
......o{ho.....
...............
..........###..
....#.....# .
....#...... ...
........


You could see an orc warlord, a troll, 2 wargs, 3 orc warriors, an orc priest,
an orc wizard and 9 orcs.

Vanquished Creatures
  Jorgrun (D:9)
  Harold (D:9)
  5 hydras
  A merfolk avatar (Lair:6)
  Erica (D:8)
  A two-headed ogre (D:9)
  4 death yaks (Lair:6)
  Nergalle (Lair:1)
  A sea snake (Lair:6)
  2 harpies (Lair:6)
  A manticore (Lair:6)
  Maurice (D:9)
  7 elephants
  2 torpor snails
  6 black mambas
  7 spiny frogs
  6 rime drakes
  7 komodo dragons
  4 polar bears
  2 trolls (D:9)
  3 hornets
  4 dream sheep (Lair:5)
  15 blink frogs
  5 hippogriffs
  Sigmund (D:3)
  4 wyverns
  3 basilisks
  Eustachio (D:4)
  30 yaks
  4 vampire mosquitoes (Lair:5)
  An insubstantial wisp (Lair:5)
  A soldier ant (D:8)
  32 water moccasins
  10 porcupines
  2 black bears (D:9)
  An ice beast (D:5)
  5 orc warriors
  5 phantoms
  A necrophage (D:6)
  5 centaurs
  4 ogres
  12 crocodiles
  Blork the orc (D:6)
  11 bullfrogs
  A water moccasin zombie (D:8)
  6 scorpions
  4 howler monkeys
  3 crimson imps
  A bullfrog zombie (D:8)
  3 jellies
  A centaur zombie (D:5)
  4 hounds
  5 orc priests
  A bullfrog skeleton (D:6)
  A centaur skeleton (D:4)
  2 gnoll shamans
  An iguana (D:8)
  Crazy Yiuf (D:5)
  Jessica (D:2)
  4 orc wizards
  8 worker ants
  2 hound skeletons
  A worker ant zombie (D:5)
  7 gnolls
  11 adders
  A shadow imp (D:9)
  A white imp (D:8)
  An adder zombie (D:7)
  3 adder skeletons
  2 worms
  11 dart slugs
  5 leopard geckos
  28 orcs
  11 giant cockroaches
  9 goblins
  5 hobgoblins
  11 jackals
  8 kobolds
  4 quokkas
  2 ball pythons
  10 bats
  3 frilled lizards
  2 quokka skeletons
  A quokka zombie (D:5)
  10 rats
418 creatures vanquished.

Vanquished Creatures (others)
  13 fungi (Lair:6)
  25 plants (Lair:6)
38 creatures vanquished.

Grand Total: 456 creatures vanquished

Notes
Turn   | Place    | Note
-------+----------+-------------------------------------------
     0 | D:1      | DrunkenMaster the Troll Berserker began the quest for the
                  | Orb.
     0 | D:1      | Reached XP level 1. HP: 22/22 MP: 0/0
    58 | D:1      | Reached XP level 2. HP: 26/29 MP: 1/1
   109 | D:1      | Reached skill level 4 in Unarmed Combat
   119 | D:1      | Reached ** piety under Trog
   140 | D:1      | Reached XP level 3. HP: 36/36 MP: 2/2
   722 | D:3      | Found a snail-covered altar of Cheibriados.
   732 | D:3      | Reached skill level 5 in Unarmed Combat
   732 | D:3      | Reached XP level 4. HP: 40/44 MP: 3/3
   833 | D:2      | Noticed Jessica
   847 | D:2      | Killed Jessica
   999 | D:2      | Reached *** piety under Trog
  1055 | D:2      | Reached XP level 5. HP: 50/50 MP: 4/4
  1310 | D:3      | Noticed Sigmund
  1320 | D:3      | Killed Sigmund
  1320 | D:3      | Reached skill level 1 in Throwing
  1320 | D:3      | Reached skill level 6 in Unarmed Combat
  1320 | D:3      | Reached XP level 6. HP: 57/59 MP: 5/5
  1735 | D:4      | Noticed Eustachio
  1762 | D:4      | Killed Eustachio
  1944 | D:4      | Reached skill level 7 in Unarmed Combat
  1944 | D:4      | Reached XP level 7. HP: 62/67 MP: 6/6
  2146 | D:4      | Found a shattered altar of Ashenzari.
  2220 | D:4      | Found a burning altar of Makhleb.
  2268 | D:5      | Entered Level 5 of the Dungeon
  2505 | D:5      | Reached **** piety under Trog
  2529 | D:5      | Reached skill level 8 in Unarmed Combat
  2577 | D:5      | Reached XP level 8. HP: 48/78 MP: 7/7
  2690 | D:5      | Found a runed translucent door.
  2691 | D:5      | Found the +8 whip "Snakebite" {curare, rPois}
  2691 | D:5      | Noticed Crazy Yiuf
  2695 | D:5      | Killed Crazy Yiuf
  2749 | D:5      | Found a staircase to the Ecumenical Temple.
  2950 | D:6      | Noticed Blork the orc
  2953 | D:6      | Found a basalt altar of Yredelemnul.
  2956 | D:6      | Killed Blork the orc
  3036 | D:6      | Reached skill level 1 in Maces & Flails
  3167 | D:6      | Found a shimmering blue altar of Sif Muna.
  3189 | D:6      | Reached skill level 9 in Unarmed Combat
  3656 | D:6      | Reached XP level 9. HP: 69/87 MP: 8/8
  3741 | D:6      | Reached skill level 5 in Fighting
  3815 | D:6      | Got a steaming spear
  3816 | D:6      | Lost intelligence.
  3816 | D:6      | Identified the +6 spear of the Vase {antimagic, MR- Str+7
                  | Int-4 SInv} (You found it on level 6 of the Dungeon)
  3945 | D:7      | Got a twisted robe
  3956 | D:7      | Identified the +1 robe of Zin's Vengeance {rPois rC+ MR+}
                  | (You found it on level 7 of the Dungeon)
  4246 | D:7      | Found Careguz's Elemental Accessories.
  4446 | D:7      | Found a sacrificial altar of Ru.
  4671 | D:8      | Reached skill level 5 in Throwing
  4719 | D:8      | Noticed Erica
  4740 | D:8      | Killed Erica
  4740 | D:8      | Reached skill level 10 in Unarmed Combat
  4780 | D:8      | Reached ***** piety under Trog
  4780 | D:8      | Received a gift from Trog
  5210 | D:8      | Found a stormy altar of Qazlal.
  5278 | D:8      | Reached XP level 10. HP: 93/98 MP: 9/9
  5583 | D:9      | Noticed Harold
  5601 | D:9      | Killed Harold
  5601 | D:9      | Reached skill level 1 in Armour
  5601 | D:9      | Reached skill level 1 in Evocations
  5706 | D:9      | Noticed a two-headed ogre
  5731 | D:9      | Killed a two-headed ogre
  5784 | D:9      | Reached skill level 11 in Unarmed Combat
  5997 | D:9      | Found a staircase to the Lair.
  6027 | D:9      | Found a staircase to the Orcish Mines.
  6367 | Lair:1   | Entered Level 1 of the Lair of Beasts
  6814 | Lair:1   | Noticed a black mamba
  6825 | Lair:1   | Killed a black mamba
  6877 | Lair:1   | Noticed Nergalle
  6894 | Lair:1   | Killed Nergalle
  7005 | Lair:1   | Reached XP level 11. HP: 102/106 MP: 11/11
  7096 | Lair:1   | Reached skill level 5 in Maces & Flails
  7220 | Lair:1   | Got a bone demon whip
  7221 | Lair:1   | Identified the +8 demon whip "Newtslayer" {venom, rElec
                  | Str-5 Int+2 Dex+7} (You found it on level 1 of the Lair of
                  | Beasts)
  7460 | Lair:2   | Received a gift from Trog
  8041 | Lair:2   | Found a staircase to the Shoals.
  8614 | Lair:3   | Reached skill level 5 in Dodging
  8627 | Lair:3   | Reached skill level 12 in Unarmed Combat
  9167 | Lair:3   | Noticed a five-headed hydra
  9182 | Lair:3   | Killed a five-headed hydra
  9183 | Lair:3   | Reached XP level 12. HP: 53/118 MP: 13/13
  9326 | Lair:3   | Got an ancient brass amulet
  9460 | Lair:3   | Got jacinth-studded gold dragon scales
  9471 | Lair:3   | Identified the +5 gold dragon scales of Dawn {-Tele rPois
                  | rF+ rC+ rN+ Str+3 Stlth+} (You found it on level 3 of the
                  | Lair of Beasts)
  9673 | Lair:3   | Found a hole to the Spider Nest.
 10687 | Lair:5   | Received a gift from Trog
 10789 | Lair:5   | Found a staircase to the Slime Pits.
 10800 | Lair:5   | Found a viscous altar of Jiyva.
 11257 | Lair:5   | Noticed a six-headed hydra
 11264 | Lair:5   | Killed a six-headed hydra
 11817 | Lair:6   | Entered Level 6 of the Lair of Beasts
 11899 | Lair:5   | Reached skill level 13 in Unarmed Combat
 12065 | Lair:5   | HP: 5/118 [poisoned by a hornet]
 12454 | Lair:6   | Noticed a five-headed hydra
 12480 | Lair:6   | Killed a five-headed hydra
 12480 | Lair:6   | Reached XP level 13. HP: 65/127 MP: 15/15
 12607 | Lair:6   | Reached skill level 5 in Armour
 12617 | Lair:6   | Received a gift from Trog
 12635 | Lair:6   | Got a polished giant club {god gift}
 12769 | Lair:6   | Identified the +10 giant club of Rigairam {flame, rC+}
                  | (Trog gifted it to you on level 6 of the Lair of Beasts)
 12912 | Lair:6   | Paralysed by a hornet for 1 turns
 13046 | Lair:6   | Reached skill level 5 in Evocations
 13861 | Lair:6   | Reached skill level 14 in Unarmed Combat
 14146 | Lair:1   | Identified the amulet of the Devil's Advocate {Gourm rF+}
                  | (You found it on level 3 of the Lair of Beasts)
 14195 | Orc:1    | Entered Level 1 of the Orcish Mines
 14195 | Orc:1    | Noticed Jorgrun
 14219 | Orc:1    | Noticed Maurice
 14242 | D:9      | Killed Jorgrun
 14361 | D:9      | Killed Maurice
 14361 | D:9      | Received a gift from Trog
 14361 | D:9      | Reached XP level 14. HP: 90/137 MP: 17/17
 14705 | Orc:2    | Entered Level 2 of the Orcish Mines
 14705 | Orc:2    | Noticed an orc warlord
 14782 | Orc:2    | HP: 9/205 [orc priest/divine providence (14)]
 14783 | Orc:2    | Demolished by an orc warrior

Levels and vault maps discovered:
D:1:      ebering_trefoil_3fold, layout_basic
D:2:      layout_rooms, uniq_jessica
D:3:      layout_rooms, cheibriados_altar_1, minmay_misc_feat_diagonals,
          uniq_sigmund
D:4:      kennysheep_slugbush, layout_basic, overflow_temple_1_default,
          nicolae_overflow_hidden_temple, first_ration, uniq_eustachio
D:5:      layout_basic, minmay_temple_entry_mini_moons, uniq_crazy_yiuf_cottage
D:6:      layout_basic, lemuel_crystal_altar, supply_closet_lemuel,
          yredelemnul_altar_generic, uniq_blork_the_orc
D:7:      layout_cave_pods, lemuel_coloured_pillars_altar,
          nicolae_elemental_shop
D:8:      layout_loops_ring, nicolae_qazlal_eye_of_the_storm,
          hangedman_pestilent_swarm, minmay_fire_ice_demons, uniq_erica
D:9:      layout_basic, lair_entry_dummy, orc_0_dummy,
          kennysheep_generic_room_6, uniq_harold
Lair:1:   minmay_guarded_unrand_snakebite, layout_regular_city,
          lemuel_fruit_tree, infiniplex_staircase_pool_2, uniq_nergalle
Lair:2:   layout_chaotic_city, elwin_shoals_entry_rocks
Lair:3:   layout_cave_pods, nicolae_spider_entry_non_spiders,
          cheibrodos_lair_reptile_den
Lair:4:   layout_roguey, serial_bayou_shore_a
Lair:5:   layout_layer_cave, slime_altar_1, pond
Lair:6:   gammafunk_lair_ancient_temple, layout_regular_city,
          minmay_lair_oklob_chamber
Orc:1:    layout_caves, nicolae_volcano_entry_vermiform, serial_shops, shop,
          basic_altar, uniq_josephine, uniq_jorgrun, uniq_maurice, uniq_urug
Orc:2:    st_orc_mages, layout_caves, basic_altar, hangedman_minor_magic

Skill      XL: |  1  2  3  4  5  6  7  8  9 10 11 12 13 |
---------------+----------------------------------------+-----
Unarmed Combat | 4 5 6 7 8 9 10 11 12 13 14 | 14.1
Throwing       | 1 2 3 4 5 6 7 8 |  8.6
Fighting       | 3 4 5 6 7 8 |  8.4
Maces & Flails | 2 3 4 5 6 7 |  7.8
Dodging        | 3 4 5 6 7 |  7.0
Armour         | 2 3 4 5 |  5.9
Evocations     | 2 3 4 5 |  5.4

Action                   |  1- 3 |  4- 6 |  7- 9 | 10-12 | 13-15 || total
-------------------------+-------+-------+-------+-------+-------++-------
Melee: Unarmed           |   115 |   113 |   217 |   314 |   259 ||  1018
       Punch             |     3 |     1 |    16 |    32 |    11 ||    63
       Whip              |       |       |    46 |   314 |    26 ||   386
       Giant club        |       |       |       |       |    14 ||    14
Throw: Boomerang         |       |     6 |     2 |    65 |    32 ||   105
Invok: Berserk           |       |       |     2 |       |     5 ||     7
       Trog's Hand       |       |       |     1 |     2 |     4 ||     7
  Use: Scroll            |       |       |     8 |     4 |     9 ||    21
       Potion            |       |       |       |     7 |     1 ||     8
 Stab: Sleeping          |     1 |       |     2 |     2 |       ||     5
       Invisible         |       |       |       |     2 |       ||     2
  Eat: Chunk             |     7 |    17 |    28 |    70 |    19 ||   141
Armor: Animal skin       |    86 |    43 |    50 |       |       ||   179
       Robe              |       |       |    18 |    96 |       ||   114
       Gold dragon scale |       |       |       |   243 |   232 ||   475
Dodge: Dodged            |    83 |    52 |   144 |   271 |   140 ||   690
       Deflected         |       |       |       |       |     2 ||     2

Table legend:
 A = Non-vault XP
 B = Vault XP
 C = Vault XP percentage of total XP
 D = Non-vault monster count
 E = Vault monster count
 F = Vault count percentage of total count
                 A         B        C        D         E       F
            +---------+---------+-------+---------+---------+-------
      Total |   43769 |   21697 |  33.1 |     331 |      87 |  20.8
            +---------+---------+-------+---------+---------+-------
        D:1 |      58 |       0 |   0.0 |      34 |       0 |   0.0
        D:2 |      48 |      37 |  43.5 |      22 |       1 |   4.3
        D:3 |      79 |     212 |  72.9 |      13 |       1 |   7.1
        D:4 |     455 |     242 |  34.7 |      17 |      11 |  39.3
        D:5 |     562 |      39 |   6.5 |      22 |       1 |   4.3
        D:6 |    1189 |      96 |   7.5 |      36 |       1 |   2.7
        D:7 |     506 |       0 |   0.0 |       8 |       0 |   0.0
        D:8 |     589 |    1458 |  71.2 |      12 |       7 |  36.8
        D:9 |    2902 |    4486 |  60.7 |      22 |       5 |  18.5
     Lair:1 |    1273 |    2478 |  66.1 |       7 |      11 |  61.1
     Lair:2 |    5339 |       0 |   0.0 |      20 |       0 |   0.0
     Lair:3 |    4126 |     923 |  18.3 |      14 |      15 |  51.7
     Lair:4 |    4011 |       0 |   0.0 |      21 |       0 |   0.0
     Lair:5 |    7758 |    1145 |  12.9 |      29 |       6 |  17.1
     Lair:6 |   14414 |   10581 |  42.3 |      44 |      28 |  38.9
      Orc:1 |     460 |       0 |   0.0 |      10 |       0 |   0.0
            +---------+---------+-------+---------+---------+-------
